 Dungeon Crawl Stone Soup version 0.30.1-4-g462c640d31 (webtiles) character file.

Game seed: 13133991290852014396

801 croobank the Covert (level 7, 0/49 HPs)
             Began as an Octopode Delver on Sept 16, 2023.
             Was an Initiate of Gozag.
             Frozen to death by an endoplasm (5 damage)
             ... on level 4 of the Dungeon.
             The game lasted 00:13:00 (4445 turns).

croobank the Covert (Octopode Delver)               Turns: 4445, Time: 00:13:00

Health: 0/49       AC:  1    Str: 15    XL:     7   Next: 90%
Magic:  9/9        EV: 19    Int: 14    God:    Gozag
Gold:   326        SH:  0    Dex: 13    Spells: 5/8 levels left

rFire   . . .        w - +7 quarterstaff "Apyi" {heavy, Str+3}
rCold   . . .        (shield currently unavailable)
rNeg    . . .        (helmet restricted)
rPois   .            (no amulet)
rElec   .            s - +5 ring of evasion
rCorr   .            (no ring)
SInv    .            (no ring)
Will    .....        (no ring)
Stlth   +++++        (no ring)
HPRegen 0.28/turn    (no ring)
MPRegen 0.11/turn    (no ring)
                     (no ring)

%: no passive effects
@: gold aura
A: almost no armour, amphibious, 8 rings, camouflage 1, gelatinous body 1,
(nimble swimmer 1), tentacles
a: Renounce Religion, Potion Petition, Call Merchant, Bribe Branch


You were on level 4 of the Dungeon.
You worshipped Gozag.
Gozag was aware of your devotion.
You visited 2 branches of the dungeon, and saw 8 of its levels.
You also visited: Sewer.

You collected 922 gold pieces.
You spent 555 gold pieces at shops.
You paid 41 gold pieces to Gozag.

Inventory:

Hand Weapons
 a - a +0 short sword of venom
 c - a +0 war axe
 j - a +0 trident
 p - a +5 dagger
 w - the +7 quarterstaff "Apyi" (weapon) {heavy, Str+3}
   (You bought it in a shop on level 4 of the Dungeon)

   Str:       It affects your strength (+3).
Missiles
 r - 2 poisoned darts (quivered)
Magical Staves
 b - a staff of poison
Jewellery
 s - a +5 ring of evasion (left tentacle)
Wands
 f - a wand of digging (3)
 l - a wand of mindburst (2)
 x - a wand of iceblast (10)
Scrolls
 o - a scroll of vulnerability
 u - 3 scrolls of blinking
 v - a scroll of torment {unknown}
 y - a scroll of identify
Potions
 d - a potion of haste
 e - 2 potions of magic {unknown}
 g - 2 potions of attraction
 h - a potion of berserk rage {unknown}
 i - a potion of brilliance
 k - a potion of cancellation {unknown}
 m - 2 potions of invisibility {unknown}
 n - 2 potions of flight {unknown}
 q - a potion of lignification {unknown}
 t - a potion of curing {unknown}
 z - a potion of degeneration {unknown}


   Skills:
 + Level 4.8 Fighting
 + Level 4.1 Short Blades
 + Level 4.2 Dodging
 + Level 8.6 Stealth
 * Level 1.4 Spellcasting
 * Level 1.6 Conjurations
 * Level 1.5 Air Magic
 * Level 1.8 Poison Magic


You had 5 spell levels left.
You knew the following spells:

 Your Spells              Type           Power      Damage    Failure   Level
a - Mephitic Cloud        Conj/Pois/Air  5%         N/A       36%         3

Your spell library contained the following spells:

 Spells                   Type           Power      Damage    Failure   Level
 Ensorcelled Hibernation  Hex/Ice        0%         N/A       36%         2
 Dazzling Flash           Conj/Hex       6%         N/A       50%         3
 Ignite Poison            Fire/Tmut/Pois 2%         N/A       52%         3
 Volatile Blastmotes      Fire/Tloc      0%         2d10      58%         3
 Iskenderun's Mystic Bla  Conj/Tloc      3%         2d3       88%         4
 Anguish                  Hex/Necr       0%         N/A       94%         4
 Cause Fear               Hex            0%         N/A       94%         4
 Starburst                Conj/Fire      1%         6d3       100%        6
 Enfeeble                 Hex            0%         N/A       100%        7


Dungeon Overview and Level Annotations

Branches:
Dungeon (7/15)             Temple (1/1) D:5           Sewer (visited)

Altars:
Ashenzari
Fedhas
Gozag
Hepliaklqana
Kikubaaqudgha
Makhleb
Nemelex Xobeh
Okawaru
Qazlal
Ru
Sif Muna
Trog
Uskayaw
Vehumet
Wu Jian
Xom
Yredelemnul
Zin
The Shining One

Shops:
D:4 [((:


Innate Abilities, Weirdness & Mutations

You cannot wear most types of armour.
You are amphibious.
You can wear up to eight rings at the same time.
Your skin changes colour to match your surroundings (Stealth+).
Your rubbery body absorbs attacks. (AC +1, EV +1)
((You are camouflaged when in or above water. (Stealth+)))
You have tentacles for arms and can constrict up to eight enemies at once.


Message History

An ogre comes into view. It is wielding a +0 giant club.
The orc completely misses you.
The orc is distracted by your dazzling golden aura.
The ogre is distracted by your dazzling golden aura.
The kobold is distracted by your dazzling golden aura.
The kobold shouts!
The ogre shouts!
The orc shouts!
You hit the orc but do no damage. Your grab misses the orc.
The kobold is no longer distracted by gold.
The ogre is no longer distracted by gold.
A quokka comes into view.
The orc closely misses you.
An endoplasm comes into view.
The endoplasm quivers.
You sock the orc!
You kill the orc!
The orc is no longer distracted by gold.
The kobold misses you. The orc barely misses you.
A kobold comes into view. It is wielding a +0 short sword.
The kobold misses you.
You hit the orc but do no damage. You grab the orc.
You constrict the orc, but do no damage.
The quokka is distracted by your dazzling golden aura.
The orc misses you. The kobold misses you. The ogre completely misses you.
The orc hits you with a +0 flail! The kobold barely misses you.
You bludgeon the ogre!!
The ogre is severely wounded.
You constrict the orc. The orc hits you with a +0 flail!
A giant cockroach comes into view.
The kobold closely misses you. The ogre misses you.
The orc completely misses you. The kobold hits you but does no damage.
You bludgeon the orc!!
You kill the orc!
The kobold closely misses you. The endoplasm misses you.
The ogre hits you with a +0 giant club!!
Ouch! That really hurt!
* * * LOW HITPOINT WARNING * * *
The endoplasm freezes you.
You are frozen.
You die...
Your body crumbles into a pile of gold.

##...###....# ##
..###.....#.....#### #.
......##..#....#...####.
..............##.....##.
#.#.........#.#.........
......##.........##.....
..........$......#.....#
....#.J......♣....#....#
......O@.♣#+#♣♣..##.....
.....KoK.# #...####..#
..##.r#..+ +...#####..
#.#...# #.....###..
.......♣ ♣..........
.B...........♣...##.##.
........................
.....###................
.## ##..............


You could see an ogre, an orc, an endoplasm, a quokka, a giant cockroach and 2
kobolds.

Vanquished Creatures
  A black bear (D:5)
  Pargi (Sewer)
  An ogre (D:3)
  A centaur (D:4)
  A jelly (D:4)
  3 hounds
  An orc priest (D:6)
  2 iguanas
  A sleepcap (D:4)
  Ijyb (D:3)
  An orc wizard (D:3)
  Robin (D:3)
  5 adders
  4 worms
  A dart slug (D:1)
  12 orcs
  8 bats
  12 endoplasms
  3 giant cockroaches
  12 goblins
  9 hobgoblins
  4 jackals
  4 kobolds
  2 quokkas
  6 ball pythons
  3 frilled lizards
  4 rats (D:3)
104 creatures vanquished.

Notes
Turn   | Place    | Note
-------+----------+-------------------------------------------
     0 | D:5      | croobank the Octopode Delver began the quest for the Orb.
     0 | D:5      | Reached XP level 1. HP: 16/16 MP: 1/1
     1 | D:6      | Noticed an orc priest
     3 | D:6      | Noticed an orc wizard
     7 | D:6      | Killed an orc priest
     8 | D:6      | Reached XP level 2. HP: 17/21 MP: 2/2
     8 | D:6      | Reached XP level 3. HP: 22/26 MP: 3/3
    61 | D:5      | Reached skill level 7 in Stealth
    61 | D:5      | Reached XP level 4. HP: 31/31 MP: 4/4
   120 | D:7      | Noticed a kobold demonologist
   124 | D:7      | Noticed a sixfirhy
   156 | D:5      | Found a staircase to the Ecumenical Temple.
   335 | D:5      | Noticed a black bear
   345 | D:5      | Killed a black bear
   346 | D:5      | Reached XP level 5. HP: 24/37 MP: 5/5
   392 | D:5      | Noticed an ice beast
   467 | Temple   | Entered the Ecumenical Temple
   498 | Temple   | Became a worshipper of Gozag Ym Sagoz the Greedy
  1000 | D:4      | Reached XP level 6. HP: 43/43 MP: 6/6
  1015 | D:4      | Found Ziseh's Antique Weapon Shoppe.
  1046 | D:4      | Found Myely's Armour Emporium.
  1218 | D:3      | Found a glowing drain.
  1292 | Sewer    | Entered a sewer
  1340 | Sewer    | Noticed Pargi
  1359 | Sewer    | Killed Pargi
  1360 | Sewer    | Reached skill level 8 in Stealth
  1554 | D:3      | Noticed Ijyb
  1572 | D:3      | Killed Ijyb
  1786 | D:3      | Noticed Robin
  1794 | D:3      | HP: 1/44 [hobgoblin[Robin] (4)]
  2321 | D:2      | Reached XP level 7. HP: 49/49 MP: 7/7
  3007 | D:1      | Got the Discourse on the Hyperborean Black Widow
  3329 | D:1      | Learned a level 3 spell: Mephitic Cloud
  3517 | D:3      | Reached skill level 1 in Poison Magic
  3796 | D:3      | Reached skill level 1 in Conjurations
  3916 | D:3      | Killed Robin
  3917 | D:3      | Reached skill level 1 in Spellcasting
  4211 | D:4      | Found Eplan's Weapon Boutique.
  4216 | D:4      | Bought the +7 quarterstaff "Apyi" {heavy, Str+3} for 555
                  | gold pieces
  4244 | D:4      | Found Luhelie's Book Boutique.
  4275 | D:4      | Reached skill level 1 in Air Magic
  4445 | D:4      | Frozen to death by an endoplasm

Illustrated notes

Levels and vault maps discovered:
D:1:      minmay_arrival_glassed_features, layout_basic
D:2:      layout_rooms
D:3:      layout_basic, cheibrodos_sewer_entry_sluice,
          minmay_fractal_squares_diagonal_5, uniq_ijyb, uniq_robin
D:4:      layout_cave_pools, serial_park, serial_park_square2,
          serial_park_square3 [serial_park_minivault_5x5_3], serial_park_gazebo
          [serial_park_minivault_5x5_3], serial_park_tiny_pond,
          serial_park_square3 [serial_park_minivault_5x5_7], serial_shops,
          nicolae_shop_statue_plus, kennysheep_little_box,
          nicolae_take_the_stairs, nicolae_shop_window_shopping
D:5:      layout_gridville, minmay_temple_entry_offerings,
          corexii_item_surrounded_by_moat, hangedman_decor_growths
D:6:      layout_basic, serial_undead, serial_undead_f, serial_undead_f,
          serial_undead_b, serial_undead_c
D:7:      layout_basic, uniq_menkaure
Temple:   compressed_dpeg_triangle_lava_temple

Skill      XL: |  1  2  3  4  5  6  7 |
---------------+----------------------+-----
Stealth        | 7 8 |  8.6
Fighting       | 4 |  4.8
Short Blades   | 3 4 |  4.1
Dodging        | 3 4 |  4.2
Poison Magic   | 1 |  1.8
Conjurations   | 1 |  1.6
Spellcasting   | 1 |  1.4
Air Magic      | 1 |  1.5

Action                     |  1- 3 |  4- 6 |  7- 9 || total
---------------------------+-------+-------+-------++-------
  Melee: Short sword       |     4 |   117 |    40 ||   161
         Constrict         |     1 |    19 |    23 ||    43
         Tentacles         |       |    29 |    18 ||    47
         Punch             |       |     2 |       ||     2
         Dagger            |       |       |    38 ||    38
         Quarterstaff      |       |       |    20 ||    20
  Throw: Dart              |       |       |     2 ||     2
  Evoke: Wand              |       |       |     2 ||     2
    Use: Potion            |       |     4 |     1 ||     5
         Scroll            |       |    11 |     4 ||    15
   Stab: Sleeping          |     2 |    19 |     7 ||    28
         Distracted        |       |       |     1 ||     1
 Armour: Skin              |       |     3 |     4 ||     7
  Dodge: Dodged            |       |    91 |    74 ||   165
